 Dungeon Crawl Stone Soup version 0.29-a0-359-g541a27f54d (webtiles) character file.

Game seed: 15047113816151139075

142 quokkamancerX the Grave Robber (level 5, 0/35 HPs)
             Began as a Human Wanderer on Apr 28, 2022.
             Was a Follower of the Shining One.
             Slain by an orc
             ... wielding a +0 war axe
              (5 damage)
             ... on level 4 of the Dungeon.
             The game lasted 00:27:18 (4017 turns).

quokkamancerX the Grave Robber (Human Wanderer)     Turns: 4017, Time: 00:27:19

Health: 0/35       AC: 12    Str: 12    XL:     5   Next: 49%
Magic:  9/9        EV: 11    Int: 11    God:    the Shining One [*.....]
Gold:   245        SH:  0    Dex: 16    Spells: 8/9 levels left

rFire   + . .      SeeInvis .   q - +1 falchion (holy)
rCold   . . .      Faith    .   (no shield)
rNeg    . . .      Spirit   .   a - +2 ring mail {rF+}
rPois   .          Reflect  .   r - +2 hat
rElec   .          Harm     .   t - +0 cloak
rCorr   +          Rampage  .   b - +0 pair of gloves
Will    .....                   n - +0 pair of boots
Stlth   +.........              (no amulet)
HPRegen 0.11/turn               w - ring of resist corrosion
MPRegen 0.11/turn               (no ring)

@: glowing
A: no striking features
a: Renounce Religion, Divine Shield


You were on level 4 of the Dungeon.
You worshipped the Shining One.
The Shining One was aware of your devotion.
You visited 1 branch of the dungeon, and saw 4 of its levels.

You collected 245 gold pieces.

Inventory:

Hand Weapons
 q - a +1 falchion of holy wrath (weapon)
Missiles
 i - 9 poisoned darts
 m - 4 boomerangs (quivered)
 p - 5 silver boomerangs
Armour
 a - a +2 ring mail of fire resistance (worn)
 b - a +0 pair of gloves (worn)
 h - a scarf of shadows
 k - a +0 helmet
 n - a +0 pair of boots (worn)
 r - a +2 hat (worn)
 t - a +0 cloak (worn)
Jewellery
 w - a ring of resist corrosion (left hand)
Scrolls
 c - 2 scrolls of blinking
 f - a scroll of noise {unknown}
 g - 3 scrolls of teleportation {unknown}
 j - 3 scrolls of identify {unknown}
 s - a scroll of torment {unknown}
 v - a scroll of amnesia {unknown}
Potions
 d - a potion of invisibility {unknown}
 l - a potion of curing
 o - 2 potions of berserk rage {unknown}
 u - a potion of heal wounds {unknown}
Miscellaneous
 e - a lightning rod (inert)


   Skills:
 + Level 1.2 Long Blades
 - Level 3.0 Dodging
 - Level 1.0 Stealth
 - Level 2.8 Spellcasting
 - Level 3.6 Necromancy
 + Level 3.3 Evocations


You had 8 spell levels left.
You knew the following spells:

 Your Spells              Type           Power      Damage    Failure   Level
a - Pain                  Necr           36%        1d5       14%         1

Your spell library contained the following spells:

 Spells                   Type           Power      Damage    Failure   Level
 Vampiric Draining        Necr           9%         2d6       38%         3
 Stone Arrow              Conj/Erth      2%         3d7       88%         3
 Animate Armour           Summ/Erth      2%         N/A       99%         4
 Lehudib's Crystal Spear  Conj/Erth      0%         10d2      100%        8


Dungeon Overview and Level Annotations

Branches:
Dungeon (4/15)
 Temple: D:4-7

Altars:
Uskayaw
The Shining One


Message History

You kill the endoplasm!
You see here 20 stones.
Found a knobbly agate ring.
Found a flail.
w - a ring of resist corrosion
w - a ring of resist corrosion (left hand)
You see here a +0 flail.
A hobgoblin comes into view.
The hobgoblin shouts!
The hobgoblin closely misses you.
You hit the hobgoblin.
You kill the hobgoblin!
Found a scroll labelled MOBAOR CUBUAPUY.
j - 3 scrolls labelled MOBAOR CUBUAPUY (gained 1)
An orc and an orc wizard come into view.
The orc is wielding a +0 war axe and wearing a +0 ring mail of cold resistance.
The orc shouts!
The orc wizard shouts!
You hear a shout!
An orc comes into view. It is wielding a +0 club.
An orc priest and a giant cockroach come into view.
The orc priest is wielding a +0 dagger of speed.
Found a robe.
The orc wizard hits you with a +3 dagger.
You hit the orc wizard.
The orc wizard is moderately wounded.
The orc wizard hits you but does no damage.
You barely miss the orc wizard.
The orc wizard is moderately wounded.
The orc priest mumbles some strange prayers to Beogh against you.
Beogh smites you!
The orc priest calls down the wrath of Beogh upon you.
Beogh smites you!
* * * LOW HITPOINT WARNING * * *
The orc wizard mumbles some strange words.
The orc wizard flickers and vanishes for a moment.
The orc wizard attacks as you move away!
The orc wizard hits you but does no damage.
You hit the orc.
The orc is moderately wounded.
The orc hits you with a +0 war axe.
You die...

#.#
#####.#......
#)# #.......#
#.#
##.###.#####
#.#
#..........#
#.#
#..###.###.#
#.# #..# #.#
#.# #..# #.#
#.# #..# #.#
#####.###
######@#
........#
#.o###.###.
#########
###B.oo....
#.##..... #.#
##[ #.# #####
.. #.# ....#
##.# #.#
###.# #...
..#


You could see an orc and a giant cockroach.

Vanquished Creatures
  Terence (D:2)
  3 adders
  An ufetubus (D:3)
  3 dart slugs
  10 orcs
  7 bats
  7 endoplasms
  A giant cockroach (D:2)
  4 goblins
  6 hobgoblins
  6 kobolds
  2 quokkas
  5 ball pythons
  5 frilled lizards
  6 rats
67 creatures vanquished.

Notes
Turn   | Place    | Note
-------+----------+-------------------------------------------
     0 | D:1      | quokkamancerX the Human Wanderer began the quest for the
                  | Orb.
     0 | D:1      | quokkamancerX set off with the following items: a +0
                  | dagger, a +0 pair of gloves, a scroll of blinking, a +0
                  | robe, a lightning rod (4/4); and the following spell
                  | memorised: Pain; and the following spells available to
                  | memorise: Vampiric Draining
     0 | D:1      | Reached XP level 1. HP: 13/13 MP: 2/2
   134 | D:1      | Reached XP level 2. HP: 16/19 MP: 4/4
   856 | D:1      | Reached XP level 3. HP: 24/24 MP: 5/5
  2022 | D:2      | Reached XP level 4. HP: 19/30 MP: 4/7
  2472 | D:2      | Noticed Terence
  2478 | D:2      | Killed Terence
  2521 | D:2      | Reached XP level 5. HP: 3/35 MP: 7/9
  3251 | D:3      | Found a hide-covered altar of Uskayaw.
  3342 | D:3      | Found a faded altar of an unknown god.
  3379 | D:3      | Prayed at the altar of an unknown god.
  3379 | D:3      | Became a worshipper of the Shining One
  3379 | D:3      | Reached * piety under the Shining One
  3422 | D:3      | Reached skill level 1 in Long Blades
  4017 | D:4      | Slain by an orc

Illustrated notes

Levels and vault maps discovered:
D:1:      evilmike_arrival_plus, layout_basic, chequers_avenue,
          minmay_misc_feat_tower, palyth_stone_intersect,
          minmay_misc_feat_square
D:2:      layout_loops_cross, minmay_tiny_reverse_x, uniq_terence
D:3:      layout_rooms, nicolae_uskayaw_murder_on_the_dancefloor,
          basic_ecumenical_altar, serial_bayou_pond_b, minivault_5,
          chequers_serial_rivers_room_a, small_statue_alley_b
D:4:      layout_loops_ring, mainiacjoe_overflow_alcove_1,
          uniq_crazy_yiuf_cottage

Skill      XL: |  1  2  3  4  5 |
---------------+----------------+-----
Spellcasting   | 2 |  2.8
Necromancy     | 3 |  3.6
Long Blades    | 1 |  1.2
Dodging        | |  3.0
Stealth        | |  1.0
Evocations     | |  3.3

Action                   |  1- 3 |  4- 6 || total
-------------------------+-------+-------++-------
Melee: Dagger            |   127 |    33 ||   160
       Punch             |     4 |     1 ||     5
       Falchion          |       |    63 ||    63
Throw: Boomerang         |     2 |     3 ||     5
 Cast: Pain              |     8 |     3 ||    11
Evoke: Lightning rod     |     3 |     3 ||     6
 Stab: Sleeping          |     6 |       ||     6
Armor: Robe              |    32 |    12 ||    44
       Ring mail         |       |    25 ||    25
Dodge: Dodged            |    82 |    54 ||   136

Table legend: (Time is in decaauts)
 A = Elapsed time spent in this place.
 B = Non-inter-level travel time spent in this place.
 C = Inter-level travel time spent in this place.
 D = Time resting spent in this place.
 E = Time spent auto-exploring this place.
 F = Levels seen in this place.
 G = Mean time per level.
                   A        B        C        D        E       F      G
               +--------+--------+--------+--------+--------+-----+--------+
         Total |   4039 |   3913 |    126 |   1399 |    465 |   4 | 1009.8 |
       Dungeon |   4039 |   3913 |    126 |   1399 |    465 |   4 | 1009.8 |
               +--------+--------+--------+--------+--------+-----+--------+

Top non-repeatable levels by time:
     D:2: 1601 daAuts
     D:1: 1447 daAuts
     D:3: 866 daAuts
     D:4: 123 daAuts
